 Dungeon Crawl Stone Soup version 0.32-a0-7-ge934b4519a (webtiles) character file.

Game seed: 5561747580655817850

725 wildpjah the Slasher (level 7, -4/52 HPs)
             Began as a Merfolk Gladiator on Jan 13, 2024.
             Was a Priest of Nemelex Xobeh.
             Slain by a steam dragon (7 damage)
             ... on level 7 of the Dungeon.
             The game lasted 00:07:12 (3380 turns).

wildpjah the Slasher (Merfolk Gladiator)            Turns: 3380, Time: 00:07:14

Health: -4/52      AC:  6    Str: 15    XL:     7   Next: 71%
Magic:  9/9        EV: 19    Int:  7    God:    Nemelex Xobeh [***...]
Gold:   198        SH:  0    Dex: 17    Spells: 6/6 levels left

rFire   . . .        a - +0 long sword
rCold   . . .        (no shield)
rNeg    . . .        b - +0 leather armour
rPois   .            c - +0 helmet
rElec   .            u - +0 cloak
rCorr   +            g - +0 pair of gloves
SInv    .            (no boots)
Will    .....        p - amulet of magic regeneration
Stlth   ++           s - ring of resist corrosion
HPRegen 0.28/turn    d - +5 ring of evasion
MPRegen 0.51/turn

%: no passive effects
@: no status effects
A: (nimble swimmer 2), mertail
a: Renounce Religion, Draw Escape, Draw Destruction, Draw Summoning, Triple Draw


You were on level 7 of the Dungeon.
You worshipped Nemelex Xobeh.
Nemelex Xobeh was most pleased with you.
You visited 1 branch of the dungeon, and saw 5 of its levels.

You collected 198 gold pieces.

Inventory:

Hand Weapons
 a - a +0 long sword (weapon)
Missiles
 r - 27 stones
Armour
 b - a +0 leather armour (worn)
 c - a +0 helmet (worn)
 g - a +0 pair of gloves (worn)
 u - a +0 cloak (worn)
Jewellery
 d - a +5 ring of evasion (right hand)
 p - an amulet of magic regeneration (around neck)
 s - a ring of resist corrosion (left hand)
 w - a ring of flight
Wands
 v - a wand of roots (9)
 x - a wand of paralysis (16) (quivered)
Scrolls
 i - 3 scrolls of vulnerability {unknown}
 k - 2 scrolls of fear {unknown}
 l - a scroll of butterflies {unknown}
 m - 2 scrolls of enchant armour {unknown}
 n - 5 scrolls of revelation {unknown}
 o - 5 scrolls of identify {unknown}
 t - a scroll of blinking {unknown}
 y - a scroll of teleportation {unknown}
 A - a scroll of enchant weapon {unknown}
Potions
 f - 2 potions of lignification {unknown}
 h - 2 potions of might {unknown}
 j - a potion of attraction {unknown}
 q - a potion of ambrosia {unknown}
 z - 2 potions of curing {unknown}


   Skills:
 + Level 3.2 Fighting
 * Level 7.8 Long Blades
 + Level 2.3 Throwing
 + Level 1.5 Armour
 + Level 5.2 Dodging
 + Level 1.2 Stealth
 * Level 3.6 Invocations


You had 6 spell levels left.
You didn't know any spells.
Your spell library was empty.

Dungeon Overview and Level Annotations

Branches:
Dungeon (4/15)
 Temple: D:4-7

Altars:
Cheibriados
Elyvilon
Makhleb
Nemelex Xobeh
Xom
The Shining One

Annotations:
D:4 1 runed translucent door


Innate Abilities, Weirdness & Mutations

((You are very nimble when in or above water. (Stealth+, EV+, Speed+++)))
Your lower body shifts to a powerful aquatic tail in water.


Message History

The steam dragon claws you but does no damage.
You hit the steam dragon but do no damage.
Your punch misses the steam dragon.
The steam dragon is lightly wounded.
The steam dragon breathes steam at you. The ball of steam hits you!
The steam dragon misses you. The steam dragon barely misses you.
You slash the steam dragon!
The steam dragon is heavily wounded.
The steam dragon bites you. The steam dragon barely misses you.
You barely miss the steam dragon.
The steam dragon is heavily wounded.
The steam dragon closely misses you. The steam dragon misses you.
You barely miss the steam dragon.
The steam dragon is heavily wounded.
The steam dragon barely misses you. The steam dragon claws you.
You hit the steam dragon.
The steam dragon is heavily wounded.
The steam dragon completely misses you. The steam dragon closely misses you.
You slash the steam dragon!
The steam dragon is severely wounded.
The steam dragon barely misses you. The steam dragon completely misses you.
You barely miss the steam dragon.
The steam dragon is severely wounded.
The steam dragon breathes steam at you. The ball of steam hits you!!
* * * LOW HITPOINT WARNING * * *
You barely miss the steam dragon.
The steam dragon is severely wounded.
You are engulfed in a cloud of scalding steam.
* * * LOW HITPOINT WARNING * * *
The steam dragon barely misses you. The steam dragon misses you.
The steam dragon closely misses you. x2
Aiming: Paralyse
Press: ? - help, Q - select action, (/) - cycle Shift-Dir - straight line, f/p - steam dragon
Aim: a steam dragon (severely wounded, catching its breath, chance to affect: 49%)
The steam dragon resists with some effort.
The steam dragon bites you!
You die...
Your body glows with a rainbow of weird colours and disappears.

##.### #
#....#
.#..#.#
.#.§#.####
.)..#....#
..#.§####.#
#..#.§####.#
## #..#....#
#D@#.####
###.#.#
#.....#
........####
.....#.##
###. #. # #!
#. #.


You could see a steam dragon (catching breath).

Vanquished Creatures
  Sigmund (D:4)
  A black bear (D:4)
  An ogre (D:7)
  A kobold brigand (D:7)
  A gnoll sergeant (D:7)
  A bombardier beetle (D:4)
  A hound (D:4)
  2 iguanas
  An orc wizard (D:3)
  An adder (D:2)
  3 gnolls (D:7)
  A ribbon worm (D:3)
  3 dart slugs
  3 orcs
  5 endoplasms
  5 giant cockroaches
  4 goblins
  10 hobgoblins
  3 jackals (D:1)
  4 quokkas
  4 ball pythons
  7 bats
  2 frilled lizards (D:2)
  7 kobolds
  3 rats
75 creatures vanquished.

Notes
Turn   | Place    | Note
-------+----------+-------------------------------------------
     0 | D:1      | wildpjah the Merfolk Gladiator began the quest for the Orb.
     0 | D:1      | Reached XP level 1. HP: 16/16 MP: 1/1
    48 | D:1      | Found a faded altar of an unknown god.
    56 | D:1      | Prayed at the altar of an unknown god.
    56 | D:1      | Became a worshipper of Nemelex Xobeh the Trickster
    56 | D:1      | Reached * piety under Nemelex Xobeh
   152 | D:1      | Received a gift from Nemelex Xobeh
   253 | D:1      | Reached XP level 2. HP: 22/22 MP: 2/2
   322 | D:1      | Reached skill level 4 in Long Blades
   754 | D:1      | Reached XP level 3. HP: 25/27 MP: 3/3
  1150 | D:2      | Reached skill level 1 in Invocations
  1158 | D:2      | Found a burning altar of Makhleb.
  1335 | D:2      | Reached ** piety under Nemelex Xobeh
  1458 | D:2      | Reached XP level 4. HP: 33/33 MP: 5/5
  2107 | D:3      | Received a gift from Nemelex Xobeh
  2229 | D:3      | Reached skill level 5 in Long Blades
  2400 | D:3      | Found a faded altar of an unknown god.
  2400 | D:3      | Found a glowing golden altar of the Shining One.
  2408 | D:3      | Found a shimmering altar of Xom.
  2410 | D:3      | Found a white marble altar of Elyvilon.
  2412 | D:3      | Found a faded altar of an unknown god.
  2489 | D:3      | Found a snail-covered altar of Cheibriados.
  2564 | D:4      | Reached XP level 5. HP: 37/39 MP: 6/6
  2641 | D:4      | Reached skill level 1 in Armour
  2712 | D:4      | Noticed a black bear
  2722 | D:4      | Killed a black bear
  2723 | D:4      | Reached skill level 6 in Long Blades
  2723 | D:4      | Reached XP level 6. HP: 46/46 MP: 6/8
  2808 | D:4      | Noticed Sigmund
  2825 | D:4      | Killed Sigmund
  2826 | D:4      | Reached skill level 1 in Stealth
  2826 | D:4      | Reached XP level 7. HP: 31/52 MP: 9/9
  3011 | D:4      | Found a runed translucent door.
  3032 | D:4      | You fall into a shaft and drop 3 floors!
  3077 | D:7      | Received a gift from Nemelex Xobeh
  3080 | D:7      | Reached skill level 7 in Long Blades
  3121 | D:7      | Reached skill level 5 in Dodging
  3285 | D:7      | Reached *** piety under Nemelex Xobeh
  3358 | D:7      | Noticed a steam dragon
  3378 | D:7      | HP: 2/52 [steam dragon] (5)]
  3380 | D:7      | Slain by a steam dragon

Illustrated notes

Levels and vault maps discovered:
D:1:      psy_arrival_dodecagon, layout_loops_ring,
          chequers_ecumenical_altar_island, serial_co_window_serial,
          co_window_paths_a, co_window_paths_a, co_window_corner_a,
          co_window_corner_a, co_window_of_opportunity_a,
          co_window_unsneaky_path_b, co_window_of_opportunity_b,
          co_window_broadway_a, co_window_corner_b, co_window_unsneaky_path_d,
          co_window_paths_c, co_window_paths_d, glass_columns_b,
          skrybe_limestone_x
D:2:      layout_loops_ring, basic_altar
D:3:      layout_rooms, chequers_temple_overflow_minitemple,
          general_overflow_altar
D:4:      layout_loops_ring, ebering_ghost_reflecting_pool, uniq_sigmund
D:7:      layout_basic, lemuel_round_altar, serial_shops, nicolae_stop_n_shop_1,
          grunt_potential

Skill      XL: |  1  2  3  4  5  6  7 |
---------------+----------------------+-----
Long Blades    | 4 5 6 7 |  7.8
Invocations    | 1 2 3 |  3.6
Armour         | 1 |  1.5
Fighting       | 3 |  3.2
Stealth        | 1 |  1.2
Dodging        | 5 |  5.2
Throwing       | |  2.3

Action                     |  1- 3 |  4- 6 |  7- 9 || total
---------------------------+-------+-------+-------++-------
  Melee: Long sword        |   137 |    91 |    33 ||   261
         Punch             |     3 |     1 |     1 ||     5
  Throw: Throwing net      |     3 |     2 |       ||     5
         Javelin           |     1 |     1 |     2 ||     4
         Stone             |       |     1 |       ||     1
 Invoke: Draw Destruction  |       |     2 |     7 ||     9
  Evoke: Wand              |       |       |     2 ||     2
    Use: Potion            |       |       |     2 ||     2
   Stab: Sleeping          |     1 |       |       ||     1
         Held in net/web   |       |     1 |       ||     1
 Armour: Leather armour    |    63 |    49 |    21 ||   133
  Dodge: Dodged            |   121 |    47 |    31 ||   199

Table legend: (Time is in decaauts)
 A = Elapsed time spent in this place.
 B = Non-inter-level travel time spent in this place.
 C = Inter-level travel time spent in this place.
 D = Time resting spent in this place.
 E = Time spent auto-exploring this place.
 F = Levels seen in this place.
 G = Mean time per level.
                   A        B        C        D        E       F      G
               +--------+--------+--------+--------+--------+-----+--------+
         Total |   3408 |   3299 |    109 |     62 |   2541 |   5 |  681.6 |
       Dungeon |   3408 |   3299 |    109 |     62 |   2541 |   5 |  681.6 |
               +--------+--------+--------+--------+--------+-----+--------+

Top non-repeatable levels by time:
     D:1: 1103 daAuts
     D:2: 878 daAuts
     D:3: 568 daAuts
     D:4: 509 daAuts
     D:7: 349 daAuts
